 Dungeon Crawl Stone Soup version 0.27-a0-1325-g58a489ad9e (webtiles) character file.

Game seed: 5566151898182172898

81 Nattfarinn the Stinger (level 4, -1/52 HPs)
             Began as a Barachi Venom Mage on June 24, 2021.
             Slain by an adder (2 damage)
             ... on level 3 of the Dungeon.
             The game lasted 00:05:59 (3198 turns).

Nattfarinn the Stinger (Barachi Venom Mage)         Turns: 3198, Time: 00:06:00

Health: -1/52      AC: 22    Str:  9    XL:     4   Next: 42%
Magic:  4/8        EV: -1    Int: 17    God:
Gold:   100        SH:  0    Dex: 12    Spells: 6/9 levels left

rFire    . . .     SeeInvis .   c - +0 hand axe
rCold    . . .     Faith    .   (no shield)
rNeg     + + +     Spirit   .   (armour currently unavailable)
rPois    +         Reflect  .   (helmet currently unavailable)
rElec    .         Harm     .   (cloak currently unavailable)
rCorr    .         Rampage  .   (gloves currently unavailable)
Will     .....     NoTele   +   (boots currently unavailable)
Stlth    ++........             (no amulet)
HPRegen  0.17/turn              (no ring)
MPRegen  0.11/turn              (no ring)

@: lethally poisoned (-1 -> -2), tree-form, very slightly contaminated,
constricted
A: stationary, stasis, torment immunity, boosted hp, (amphibious), (slowness 1),
(strong legs 1), +LOS
a: no special abilities


You were on level 3 of the Dungeon.
You were a tree.
You visited 1 branch of the dungeon, and saw 3 of its levels.

You collected 100 gold pieces.

Inventory:

Hand Weapons
 c - a +0 hand axe (weapon)
Armour
 a - a +0 robe (melded)
Jewellery
 d - a +6 ring of strength
Scrolls
 b - 2 scrolls of noise
 h - a scroll of enchant weapon {unknown}
 j - a scroll of teleportation {unknown}
 k - a scroll of immolation {unknown}
 m - a scroll of silence {unknown}
Potions
 e - a potion of might {unknown}
 f - a potion of heal wounds {unknown}
 g - 2 potions of lignification
 i - a potion of degeneration {unknown}
 l - 2 potions of curing {unknown}


   Skills:
 * Level 3.2 Fighting
 + Level 2.1 Armour
 - Level 2.1 Dodging
 - Level 1.7 Stealth
 + Level 3.0 Spellcasting
 - Level 1.1 Transmutations
 - Level 3.2 Poison Magic


You had 6 spell levels left.
You knew the following spells:

 Your Spells              Type           Power      Damage    Failure   Level
a - Sting                 Tmut/Pois      40%        1d5       7%          1
b - Poisonous Vapours     Pois/Air       16%        N/A       14%         2

Your spell library contained the following spells:

 Spells                   Type           Power      Damage    Failure   Level
 Animate Skeleton         Necr           4%         N/A       17%         1
 Pain                     Necr           8%         1d4       17%         1
 Ignite Poison            Fire/Tmut/Pois 7%         N/A       28%         3
 Mephitic Cloud           Conj/Pois/Air  6%         N/A       32%         3
 Olgreb's Toxic Radiance  Pois           13%        N/A       41%         4
 Vampiric Draining        Necr           1%         2d6       45%         3
 Animate Dead             Necr           1%         N/A       86%         4
 Agony                    Necr           2%         N/A       99%         5


Dungeon Overview and Level Annotations

Branches:
Dungeon (3/15)

Altars:


Innate Abilities, Weirdness & Mutations

You are a tree.
Your roots penetrate the ground, keeping you stationary.
You cannot be teleported.
You are immune to unholy pain and torment.
Your maximum health is greatly increased.
Your equipment is partially melded.
((You are amphibious.))
((You cover ground slowly.))
((You can hop short distances.))
You have an extended range of vision and can be seen from far away.


Message History

The adder is severely wounded.
You closely miss the ball python. The adder bites you but does no damage.
The ball python barely misses you. The ball python constricts you.
The adder bites you.
You are poisoned.
The adder poisons you!
You barely miss the adder.
The adder is severely wounded.
You hit the ball python.
You feel sick. The ball python closely misses you.
The ball python constricts you. The adder barely misses you.
The ball python bites you. The ball python constricts you.
You are too injured to fight recklessly!
Unknown command.
Casting: Sting (safe; 7% risk of failure)
Confirm with . or Enter, or press ? or * to list all spells.
Aiming: Sting (safe; 7% risk of failure)
Press: ? - help, Shift-Dir - straight line, f/p - adder
Aim: an adder (almost dead, very poisoned, 53% to hit)
You miscast Sting.
You are very lightly contaminated with residual magic.
Nothing appears to happen.
You feel sick. The adder bites you.
The ball python bites you but does no damage.
The ball python constricts you. The adder bites you.
* * * LOW HITPOINT WARNING * * *
Casting: Sting (safe; 7% risk of failure)
Confirm with . or Enter, or press ? or * to list all spells.
Aiming: Sting (safe; 7% risk of failure)
Press: ? - help, Shift-Dir - straight line, f - ball python, p - adder
Aim: a ball python (severely wounded, constricting you, 68% to hit)
You miscast Sting.
Nothing appears to happen.
You feel sick. The ball python bites you.
* * * LOW HITPOINT WARNING * * *
x2 The ball python constricts you.
The adder barely misses you.
It was a potion of lignification.
You turn into a tree.
Your +0 robe melds into your body.
Your roots penetrate the ground.
* * * LOW HITPOINT WARNING * * *
You feel sick.
The ball python bites you but does no damage.
The ball python constricts you. The adder bites you.
You die...

.##### #.# .....# #..
####.# #.# ####.# #.#
)....# #.# ####.# #.#
#<# #.#################
#.###.................#
#.....####..S♣######..#
####.##..# ###S##
.........# #≈
####.##.## ≈♣ ..##.##.#
#≈ #.##.##.# #♣
.....##.# #.#####.# #.#
#..


You could see an adder (very poisoned) and a ball python.

Vanquished Creatures
  2 adders (D:2)
  A worm (D:2)
  2 dart slugs (D:2)
  6 bats
  6 endoplasms
  2 giant cockroaches
  7 goblins
  7 jackals
  A quokka (D:1)
  4 ball pythons
  3 frilled lizards
  6 kobolds
  6 rats
53 creatures vanquished.

Vanquished Creatures (others)
  A plant (D:3)
1 creature vanquished.

Grand Total: 54 creatures vanquished

Notes
Turn   | Place    | Note
-------+----------+-------------------------------------------
     0 | D:1      | Nattfarinn the Barachi Venom Mage began the quest for the
                  | Orb.
     0 | D:1      | Reached XP level 1. HP: 13/13 MP: 3/3
    70 | D:1      | Reached skill level 1 in Fighting
    75 | D:1      | Reached XP level 2. HP: 6/21 MP: 1/5
   116 | D:1      | Reached skill level 1 in Armour
   571 | D:1      | Found a faded altar of an unknown god.
   867 | D:1      | Reached XP level 3. HP: 27/27 MP: 3/6
  2082 | D:2      | Reached XP level 4. HP: 23/34 MP: 4/8
  2300 | D:2      | Learned a level 2 spell: Poisonous Vapours
  3197 | D:3      | HP: 1/35 [ball python (1)]
  3198 | D:3      | Slain by an adder

Illustrated notes

Levels and vault maps discovered:
D:1:      onia_arrival_mini_spirals, layout_loops_ring,
          shapermc_ecumenical_altar_venn
D:2:      cheibrodos_helix_gallery, layout_basic, minmay_bisected
D:3:      layout_loops_ring, kennysheep_pointless_box, saegor_snake_ambush

Skill      XL: |  1  2  3  4 |
---------------+-------------+-----
Fighting       | 1 2 3 |  3.2
Armour         | 1 2 |  2.1
Spellcasting   | 3 |  3.0
Dodging        | |  2.1
Stealth        | |  1.7
Transmutations | |  1.1
Poison Magic   | |  3.2

Action                   |  1- 3 |  4- 6 || total
-------------------------+-------+-------++-------
Melee: Hand axe          |    43 |    16 ||    59
 Cast: Sting             |    55 |    26 ||    81
  Use: Scroll            |       |     1 ||     1
       Potion            |       |     1 ||     1
Armor: Robe              |    18 |     5 ||    23
       Skin              |       |     1 ||     1
Dodge: Dodged            |    73 |    23 ||    96

Table legend: (Time is in decaauts)
 A = Elapsed time spent in this place.
 B = Non-inter-level travel time spent in this place.
 C = Inter-level travel time spent in this place.
 D = Time resting spent in this place.
 E = Time spent auto-exploring this place.
 F = Levels seen in this place.
 G = Mean time per level.
                   A        B        C        D        E       F      G
               +--------+--------+--------+--------+--------+-----+--------+
         Total |   3529 |   3435 |     94 |    730 |   2359 |   3 | 1176.3 |
       Dungeon |   3529 |   3435 |     94 |    730 |   2359 |   3 | 1176.3 |
               +--------+--------+--------+--------+--------+-----+--------+

Top non-repeatable levels by time:
     D:2: 1805 daAuts
     D:1: 1374 daAuts
     D:3: 349 daAuts
